 Dungeon Crawl Stone Soup version 0.21.0-24-g2553a33 (webtiles) character file.

8 Monsterracer the Magician (level 2, -2/22 HPs)
             Began as a Mummy Skald on Jan 20, 2018.
             Slain by an ooze (3 damage)
             ... on level 1 of the Dungeon.
             The game lasted 00:00:19 (197 turns).

Monsterracer the Magician (Mummy Skald)              Turns: 197, Time: 00:00:20

Health: -2/22      AC:  3    Str: 14    XL:     2   Next: 0%
Magic:  1/5        EV: 11    Int: 12    God:
Gold:   18         SH:  0    Dex: 11    Spells: 5/6 levels left

rFire    x . .     SeeInvis .   a - +0 mace
rCold    + . .     Gourm    .   (no shield)
rNeg     + + +     Faith    .   b - +0 leather armour
rPois    ∞         Spirit   .   (no helmet)
rElec    .         Reflect  .   (no cloak)
rCorr    .         Harm     .   (no gloves)
MR       .....                  (no boots)
Stlth    +.........             (no amulet)
HPRegen  0.07/turn              (no ring)
MPRegen  0.09/turn              (no ring)

@: infused (expiring)
A: no food or potions, fire vulnerability, cold resistance 1, negative energy
resistance 3, torment resistance, unbreathing
a: no special abilities


You were on level 1 of the Dungeon.
You were not hungry.

You visited 1 branch of the dungeon, and saw 1 of its levels.

You collected 18 gold pieces.

Inventory:

Hand Weapons
 a - a +0 mace (weapon)
Armour
 b - a +0 leather armour (worn)
Scrolls
 d - a scroll of teleportation {unknown}
Books
 c - a book of Battle

   Spells                             Type                      Level
   a - Infusion                       Charms                       1
   b - Shroud of Golubria             Charms/Translocation         2
   c - Song of Slaying                Charms                       2
   d - Spectral Weapon                Hexes/Charms                 3
   e - Regeneration                   Charms/Necromancy            3


   Skills:
 - Level 2.0 Fighting
 + Level 2.2 Maces & Flails
 - Level 0.7 Armour
 - Level 1.5 Dodging
 - Level 2.6 Spellcasting
 - Level 2.4 Charms


You had 5 spell levels left.
You knew the following spells:

 Your Spells              Type           Power        Failure   Level  Hunger
a - Infusion              Chrm           #...         12%         1    N/A

Dungeon Overview and Level Annotations

Branches:
Dungeon (1/15)

Altars:


Innate Abilities, Weirdness & Mutations

You do not eat or drink.
Your flesh is vulnerable to fire.
You are immune to poison.
Your flesh is cold resistant. (rC+)
You are immune to negative energy. (rN+++)
You are immune to unholy pain and torment.
You can survive without breathing.


Message History

Found a stone staircase leading down.
Health restored: 16 A kobold comes into view.
It is wielding a whip.
The kobold shouts!
You barely miss the kobold. The kobold hits you but does no damage.
A kobold is nearby!
You hit the kobold.
You kill the kobold!
No target in view!
Things that are here:
a whip; a kobold corpse No target in view!
No target in view!
Things that are here:
a whip; a kobold corpse A goblin comes into view.
It is wielding a dagger.
The goblin shouts!
A goblin is nearby!
Found 2 gold pieces.
A goblin is nearby!
The goblin barely misses you.
A goblin is nearby!
You closely miss the goblin. The goblin hits you but does no damage.
The goblin misses you.
You sock the goblin!
You kill the goblin!
Your Maces & Flails skill increases to level 2!
You see here a dagger.
You now have 2 gold pieces.
A bat comes into view.
Found 16 gold pieces.
No target in view!
No target in view!
The bat misses you.
The bat is too close now for your liking.
A bat is nearby!
You barely miss the bat. The bat hits you but does no damage. x2
The bat hits you.
You take 1 damage, and have 15/16 hp.
A bat is nearby!
You hit the bat.
You kill the bat!
Key pressed, stopping explore.
No target in view!
No target in view!
You now have 18 gold pieces (gained 16).
A goblin and a hobgoblin come into view.
The hobgoblin shouts!
Health restored: 16
There are monsters nearby!
You hit the hobgoblin.
The hobgoblin is moderately wounded.
The hobgoblin hits you with a club.
You take 2 damage, and have 14/16 hp.
There are monsters nearby!
You hit the hobgoblin.
You kill the hobgoblin!
An ooze comes into view.
There are monsters nearby!
A rat comes into view.
The goblin misses you.
You hit the goblin.
The goblin is severely wounded.
The goblin hits you. The rat bites you.
You take 3 damage, and have 11/16 hp.
You are too injured to fight recklessly!
You are too injured to fight recklessly!
You are too injured to fight recklessly!
You are too injured to fight recklessly!
The ooze hits you.
* * * LOW HITPOINT WARNING * * *
You take 5 damage, and have 6/16 hp.
MASSIVE DAMAGE!!
Casting: Infusion
Confirm with . or Enter, or press ? or * to list all spells.
You begin infusing your attacks with magical energy.
The goblin hits you.
* * * LOW HITPOINT WARNING * * *
You take 2 damage, and have 4/16 hp.
You now have 3/4 mp.
You barely miss the goblin.
The goblin is severely wounded.
The goblin hits you.
* * * LOW HITPOINT WARNING * * *
The goblin hits you.
* * * LOW HITPOINT WARNING * * *
You take 3 damage, and have 1/16 hp.
You hit the goblin.
You kill the goblin!
You have reached level 2!
The ooze barely misses you.
You now have 2/5 mp.
You hit the ooze.
The ooze is moderately wounded.
The ooze hits you.
* * * LOW HITPOINT WARNING * * *
You take 1 damage, and have 1/22 hp.
You now have 1/5 mp.
You barely miss the ooze.
The ooze is moderately wounded.
Your magical infusion is running out.
The ooze hits you.
You die...

#. .# #.. .. #.# .#
#.# .## ######.# ..
#......# .#
#......####.##.#.#
#......@Jr.......#
#......##)##.....#
#......##.# ....#
#......##.# ...# ###
#......##.# ..# ..#
####.####.. ## #.#
##.## ###
####.######...##
#..............#####


You could see an ooze and a rat.

Vanquished Creatures
  A dart slug (D:1)
  2 goblins (D:1)
  A hobgoblin (D:1)
  A bat (D:1)
  A kobold (D:1)
6 creatures vanquished.

Notes
Turn   | Place    | Note
-------+----------+-------------------------------------------
     0 | D:1      | Monsterracer the Mummy Skald began the quest for the Orb.
     0 | D:1      | Reached XP level 1. HP: 16/16 MP: 4/4
     6 | D:1      | Noticed an electric eel
   191 | D:1      | HP: 6/16 [ooze (5)]
   194 | D:1      | HP: 2/16 [goblin (2)]
   195 | D:1      | Reached XP level 2. HP: 2/22 MP: 2/5
   197 | D:1      | Slain by an ooze

Skill      XL: |  1 |
---------------+----+-----
Maces & Flails | 2 |  2.2
Fighting       | |  2.0
Armour         | |  0.7
Dodging        | |  1.5
Spellcasting   | |  2.6
Charms         | |  2.4

Action                   || total
-------------------------++-------
Melee: Mace              ||    17
 Cast: Infusion          ||     1
Armor: Leather armour    ||     3
Dodge: Dodged            ||     6

Vault maps used:
D:1:      arrival_aquarium_a
